 Dungeon Crawl Stone Soup version 0.24.1-11-gbbbb2193e6 (webtiles) character file.

Game seed: 9490629684462278226, levelgen mode: deterministic

2350 H0rd4k the Thaumaturge (level 9, -3/46 HPs)
             Began as a Deep Elf Wizard on May 12, 2020.
             Hit by a boomerang thrown by an orc warrior (9 damage)
             ... on level 8 of the Dungeon.
             The game lasted 00:18:05 (6442 turns).

H0rd4k the Thaumaturge (Deep Elf Wizard)            Turns: 6442, Time: 00:18:05

Health: -3/46      AC:  2    Str:  4    XL:     9   Next: 20%
Magic:  6/25       EV: 14    Int: 27    God:
Gold:   329        SH:  0    Dex: 13    Spells: 18/29 levels left

rFire    . . .     SeeInvis .   (no weapon)
rCold    . . .     Gourm    .   (no shield)
rNeg     . . .     Faith    .   a - +0 robe
rPois    .         Spirit   .   b - +0 hat
rElec    .         Reflect  .   (no cloak)
rCorr    .         Harm     .   (no gloves)
MR       .....                  (no boots)
Stlth    +++.......             (no amulet)
HPRegen  0.15/turn              (no ring)
MPRegen  0.19/turn              (no ring)

@: no status effects
A: no striking features
a: no special abilities


You were on level 8 of the Dungeon.
You were near starving.

You visited 1 branch of the dungeon, and saw 8 of its levels.

You collected 329 gold pieces.

Inventory:

Missiles
 l - 49 poisoned darts (quivered)
Armour
 a - a +0 robe (worn)
 b - a +0 hat (worn)
Jewellery
 x - an uncursed ring of flight {unknown}
Scrolls
 c - 6 scrolls of teleportation {unknown}
 g - 12 scrolls of identify {unknown}
 h - 2 scrolls of fog {unknown}
 i - 4 scrolls of remove curse
 k - 2 scrolls of noise {unknown}
 r - 2 scrolls of random uselessness {unknown}
 s - 2 scrolls of enchant armour {unknown}
 t - a scroll of magic mapping {unknown}
 u - 2 scrolls of fear {unknown}
 w - a scroll of enchant weapon {unknown}
 y - a scroll of immolation {unknown}
Potions
 e - 2 potions of heal wounds {unknown}
 f - a potion of ambrosia {unknown}
 j - 2 potions of degeneration {unknown}
 m - a potion of brilliance {unknown}
 n - 2 potions of might {unknown}
 o - a potion of agility {unknown}
 p - a potion of haste {unknown}
 q - a potion of mutation {unknown}
 v - 2 potions of magic {unknown}
Comestibles
 d - 11 rations


   Skills:
 + Level 0.8 Fighting
 + Level 4.2 Dodging
 + Level 4.1 Stealth
 + Level 10.7 Spellcasting
 + Level 6.3 Conjurations
   Level 1.1 Summonings
 + Level 1.2 Translocations
 + Level 3.2 Fire Magic
 + Level 3.1 Air Magic
 * Level 4.7 Poison Magic


You had 18 spell levels left.
You knew the following spells:

 Your Spells              Type           Power        Failure   Level  Hunger
a - Magic Dart            Conj           ####         1%          1    None
b - Blink                 Tloc           N/A          3%          2    None
c - Conjure Flame         Conj/Fire      #####...     1%          3    None
d - Mephitic Cloud        Conj/Pois/Air  #####...     1%          3    None
e - Poisonous Vapours     Pois/Air       #####.       1%          2    None

Your spell library contained the following spells:

 Spells                   Type           Power        Failure   Level  Hunger
 Sting                    Conj/Pois      ####         1%          1    None
 Call Imp                 Summ           ###.....     3%          2    None
 Olgreb's Toxic Radiance  Pois           #####...     5%          4    None
 Slow                     Hex            ##......     6%          2    None
 Venom Bolt               Conj/Pois      #####.....   11%         5    ###....


Dungeon Overview and Level Annotations

Branches:
Dungeon (8/15)             Temple (0/1) D:5
   Lair: D:8-11

Altars:
Dithmenos
Okawaru
Qazlal
Vehumet
The Shining One

Shops:
D:4 (

Annotations:
D:3 exclusions: 2 downstairs and upstairs
D:4 exclusion: statue, Blork the orc
D:5 exclusion: upstairs, Pikel, Prince Ribbit
D:6 exclusion: downstairs


Message History

The iguana is engulfed in blazing flames.
The iguana closely misses you.
The orc warrior is engulfed in poison gas.
The orc warrior is poisoned.
The orc warrior throws a boomerang.
The boomerang misses you.
The weapon returns to the orc warrior!
You kill the iguana!
The orc warrior throws a boomerang.
The boomerang closely misses you.
The weapon returns to the orc warrior!
The orc warrior throws a boomerang.
The boomerang hits you!
* * * LOW HITPOINT WARNING * * *
The weapon returns to the orc warrior!
Casting: Poisonous Vapours (safe; 1% risk of failure)
Confirm with . or Enter, or press ? or * to list all spells.
Aiming: Magic Dart (safe; 1% risk of failure)
Press: ? - help, Shift-Dir - straight line, f/p - orc warrior
Aim: an orc warrior, wielding a +0 scimitar and wearing a +0 chain mail (moderately wounded, poisoned)
The magic dart hits the orc warrior.
The orc warrior is moderately wounded.
The orc warrior throws a boomerang.
The boomerang hits you!
You die... ### #.. oo.

#o# #§#
##.##
#§#)....#
#@§).$..#
#§##....#
#.# !.#
#.# # #..
###


You could see an orc warrior and 2 orcs.

Vanquished Creatures
  A hippogriff (D:7)
  2 humans (D:7)
  Edmund (D:4)
  A hungry ghost (D:7)
  2 orc warriors (D:7)
  A black bear (D:7)
  2 sky beasts
  A big kobold (D:7)
  5 wights (D:7)
  4 howler monkeys (D:7)
  2 crimson imps
  A bullfrog zombie (D:4)
  2 jellies (D:6)
  2 centaur skeletons
  3 hounds
  4 orc wizards
  2 iguanas
  3 worker ants
  A hound skeleton (D:5)
  8 adders
  A shadow imp (D:5)
  An ooze (D:4)
  An adder skeleton (D:4)
  An adder zombie (D:6)
  A worm (D:5)
  A dart slug (D:4)
  5 leopard geckos
  19 orcs
  10 bats
  4 giant cockroaches
  7 goblins
  8 hobgoblins
  13 jackals
  11 kobolds
  4 quokkas
  6 frilled lizards
  5 rats
146 creatures vanquished.

Notes
Turn   | Place    | Note
-------+----------+-------------------------------------------
     0 | D:1      | H0rd4k the Deep Elf Wizard began the quest for the Orb.
     0 | D:1      | Reached XP level 1. HP: 10/10 MP: 7/7
    92 | D:1      | Reached XP level 2. HP: 15/15 MP: 0/9
   295 | D:1      | Reached skill level 5 in Spellcasting
   776 | D:2      | Reached XP level 3. HP: 6/19 MP: 2/11
  1395 | D:2      | Reached XP level 4. HP: 18/24 MP: 4/13
  1696 | D:3      | Reached skill level 6 in Spellcasting
  1780 | D:3      | Learned a level 2 spell: Blink
  1784 | D:3      | Learned a level 3 spell: Conjure Flame
  1788 | D:3      | Learned a level 3 spell: Mephitic Cloud
  2364 | D:4      | Reached XP level 5. HP: 19/28 MP: 8/15
  2409 | D:4      | Found Ryudwifu's Antique Weapon Boutique.
  3048 | D:4      | Found a radiant altar of Vehumet.
  3048 | D:4      | Noticed a frost-covered statue
  3048 | D:4      | Noticed Edmund
  3164 | D:4      | Found a glowing golden altar of the Shining One.
  3226 | D:4      | Killed Edmund
  3226 | D:4      | Reached skill level 7 in Spellcasting
  3226 | D:4      | Reached XP level 6. HP: 28/33 MP: 3/18
  3260 | D:4      | Noticed Blork the orc
  3329 | D:5      | Entered Level 5 of the Dungeon
  3492 | D:5      | Found a staircase to the Ecumenical Temple.
  3517 | D:5      | Learned a level 2 spell: Poisonous Vapours
  3627 | D:5      | Noticed a sky beast
  3648 | D:5      | Killed a sky beast
  3721 | D:5      | Noticed a slave
  3846 | D:5      | Noticed a slave
  3847 | D:5      | Noticed a slave
  3848 | D:5      | Noticed a slave
  3886 | D:5      | Noticed Pikel
  3966 | D:5      | Noticed a sky beast
  3977 | D:5      | Noticed Prince Ribbit
  4161 | D:7      | Noticed a hippogriff
  4192 | D:6      | Reached XP level 7. HP: 15/37 MP: 16/20
  4211 | D:6      | Reached skill level 8 in Spellcasting
  4211 | D:6      | Reached skill level 1 in Poison Magic
  4265 | D:6      | Found a shadowy altar of Dithmenos.
  4353 | D:6      | Reached skill level 1 in Fire Magic
  4490 | D:6      | Found a stormy altar of Qazlal.
  4958 | D:7      | Reached skill level 9 in Spellcasting
  5068 | D:7      | Reached skill level 5 in Conjurations
  5083 | D:7      | Reached XP level 8. HP: 40/42 MP: 8/23
  5110 | D:7      | Found an iron altar of Okawaru.
  5124 | D:7      | Killed a hippogriff
  5124 | D:7      | Reached skill level 1 in Air Magic
  5409 | D:7      | Reached skill level 10 in Spellcasting
  5939 | D:7      | Reached XP level 9. HP: 46/46 MP: 14/25
  6442 | D:8      | Hit by a boomerang thrown by an orc warrior

Levels and vault maps discovered:
D:1:      minmay_arrival_cross, layout_loops_ring, hangedman_feature_mirror
D:2:      layout_basic, marbit_many_paths, first_ration
D:3:      layout_rooms
D:4:      layout_cave_pools, vehumet_statue, kennysheep_mini_moat, serial_shops,
          shop, moated_statue, uniq_blork_the_orc, uniq_edmund
D:5:      layout_gridville, minmay_temple_entry_offerings, uniq_prince_ribbit1,
          uniq_pikel
D:6:      layout_gridville, old_standard_altar, grunt_qazlal_sundering
D:7:      layout_basic, okawaru_humans
D:8:      layout_basic, basic_altar, hangedman_abyss_or_decor_stabs,
          grunt_pizzeria, lemuel_flamethrower_1

Skill      XL: |  1  2  3  4  5  6  7  8  9 |
---------------+----------------------------+-----
Stealth        | 3 4 |  4.1
Spellcasting   | 5 6 7 9 10 | 10.7
Dodging        | 3 4 |  4.2
Conjurations   | 2 3 4 5 6 |  6.3
Poison Magic   | 2 4 |  4.7
Fire Magic     | 2 3 |  3.2
Air Magic      | 2 3 |  3.1
Fighting       | |  0.8
Summonings     | |  1.1
Translocations | |  1.2

Action                   |  1- 3 |  4- 6 |  7- 9 || total
-------------------------+-------+-------+-------++-------
 Cast: Magic Dart        |    89 |   158 |   134 ||   381
       Conjure Flame     |       |    10 |    24 ||    34
       Mephitic Cloud    |       |     4 |     5 ||     9
       Blink             |       |     4 |     2 ||     6
       Poisonous Vapours |       |       |    29 ||    29
  Use: Potion            |     2 |       |       ||     2
       Scroll            |       |     1 |       ||     1
  Eat: Chunk             |     1 |     7 |     3 ||    11
       Ration            |       |     1 |       ||     1
Armor: Robe              |     3 |     6 |     3 ||    12
Dodge: Dodged            |    18 |    49 |    20 ||    87
